 Dungeon Crawl Stone Soup version 0.31-a0-188-g5e087ee2ca (webtiles) character file.

Game seed: 15949376489119731527

65 qw the Shooter (level 3, -2/17 (20) HPs)
             Began as a Deep Elf Hunter on June 23, 2023.
             Slain by a goblin
             ... wielding a +0 club
             ... led by Robin
              (3 damage)
             ... on level 2 of the Dungeon.
             The game lasted 00:00:27 (1106 turns).

qw the Shooter (Deep Elf Hunter)                    Turns: 1106, Time: 00:00:28

HP:   -2/17 (20)    AC:  5    Str: 10    XL:     3   Next: 92%
MP:   5/5           EV: 11    Int: 13    God:
Gold: 35            SH:  0    Dex: 18    Spells: 2/2 levels left

rFire   . . .        Y - +0 shortbow
rCold   . . .        (shield currently unavailable)
rNeg    . . .        g - +0 ring mail
rPois   .            (no helmet)
rElec   .            (no cloak)
rCorr   .            (no gloves)
SInv    .            (no boots)
Will    .....        (no amulet)
Stlth   +            (no ring)
HPRegen 0.22/turn    (no ring)
MPRegen 0.09/turn

%: no passive effects
@: heavily drained
A: no striking features
a: no special abilities


You were on level 2 of the Dungeon.
You visited 1 branch of the dungeon, and saw 2 of its levels.

You collected 35 gold pieces.


   Skills:
 - Level 1.5 Fighting
 + Level 7.4 Ranged Weapons
 - Level 2.4 Dodging
 - Level 1.2 Stealth


You had 2 spell levels left.
You didn't know any spells.
Your spell library was empty.

Inventory:

Hand Weapons
 Y - a +0 shortbow (weapon)
Armour
 g - a +0 ring mail (worn)
Scrolls
 a - 3 scrolls of identify
Potions
 b - a potion of curing {unknown}
 c - a potion of might {unknown}

Dungeon Overview and Level Annotations

Branches:
Dungeon (2/15)

Altars:


Message History

The goblin closely misses you.
You shoot an arrow. The goblin shouts!
The arrow hits the goblin.
The goblin is severely wounded.
The goblin barely misses you.
The hobgoblin hits you but does no damage.
The goblin hits you but does no damage.
A hobgoblin comes into view.
You shoot an arrow. The hobgoblin shouts!
The arrow hits the goblin!
You kill the goblin!
The hobgoblin barely misses you.
Robin roars a battlecry!
The goblins go into a battle-frenzy!
You shoot an arrow. The arrow closely misses the goblin.
The hobgoblin barely misses you. The goblin closely misses you.
You shoot an arrow. The arrow hits Robin.
Robin is lightly wounded.
The hobgoblin hits you but does no damage.
The goblin hits you with a +0 club.
Robin says, "Bow before me, strongest of all the hobgoblins!"
Robin closely misses you. The hobgoblin hits you.
Robin hits you with a +1 short sword of draining.
You feel drained. The goblin hits you but does no damage.
You shoot an arrow. The arrow hits Robin.
Robin is heavily wounded.
The hobgoblin closely misses you. The goblin closely misses you.
Robin throws the goblin at you! The goblin hits you with a +0 club.
You shoot an arrow. The arrow hits Robin.
Robin is almost dead.
The hobgoblin closely misses you. The goblin barely misses you.
Robin hits you but does no damage.
You feel drained. The goblin closely misses you.
You shoot an arrow. The arrow hits Robin.
You kill Robin!
The hobgoblin hits you but does no damage.
The goblin hits you with a +0 club.
You die...

############ #..........#####
#########.#).....(...#.#
....)gg@g.........#..#.#
##....gg..........#.#..#
#####.######...%..%#...#..#
##.##...## #.......#..#...#
##........## #.....#....#.#.#
#.###..........###.........#....#
.....................##[...#.#..#
..###..........###........#..%..#
.....#........## #.##...##...##.#


You could see 3 hobgoblins and 2 goblins.

Vanquished Creatures
  Robin (D:2)
  An adder (D:2)
  2 worms (D:2)
  3 dart slugs
  5 ball pythons
  A bat (D:1)
  3 endoplasms
  A giant cockroach (D:1)
  6 goblins
  4 hobgoblins
  4 jackals (D:1)
  3 kobolds (D:1)
  A quokka (D:1)
  4 frilled lizards
  3 rats
42 creatures vanquished.

Notes
Turn   | Place    | Note
-------+----------+-------------------------------------------
     0 | D:1      | qw the Deep Elf Hunter began the quest for the Orb.
     0 | D:1      | Reached XP level 1. HP: 12/12 MP: 3/3
     0 | D:1      | 0 ||| qw: Version: 0.3-a-9-g12657ce
     0 | D:1      | 0 ||| qw: Game counter: 3164
     0 | D:1      | 0 ||| qw: Always use a shield: true
     0 | D:1      | 0 ||| qw: God list: Okawaru
     0 | D:1      | 0 ||| qw: Allow faded altars: false
     0 | D:1      | 0 ||| qw: Do Orc after D:15 true
     0 | D:1      | 0 ||| qw: Do second Lair branch before Depths: true
     0 | D:1      | 0 ||| qw: Lair rune preference: random
     0 | D:1      | 0 ||| qw: Plans: Normal
     0 | D:1      | 0 ||| PLANNING D:1-11
    91 | D:1      | Reached XP level 2. HP: 16/16 MP: 4/4
   105 | D:1      | Reached skill level 6 in Ranged Weapons
   177 | D:1      | 177 ||| FLEEEEING.
   592 | D:1      | Reached XP level 3. HP: 16/20 MP: 5/5
   641 | D:1      | Found a faded altar of an unknown god.
   707 | D:1      | 707 ||| UPGRADING to +0 ring mail.
   717 | D:1      | 717 ||| DROPPING +0 leather armour.
   718 | D:1      | 718 ||| READING scroll labelled VORISEVINI.
   719 | D:1      | 719 ||| READING scroll labelled YRAZXU TUAXT.
   757 | D:1      | 757 ||| READING scroll labelled NOICYMNELI.
   760 | D:1      | 760 ||| DROPPING scroll of butterflies.
   899 | D:2      | Reached skill level 7 in Ranged Weapons
  1093 | D:2      | Noticed Robin
  1103 | D:2      | HP: 4/20 [Robin/+1 short sword of draining (3)]
  1104 | D:2      | HP: 1/18 [goblin/+0 club[Robin] (3)]
  1106 | D:2      | Killed Robin
  1106 | D:2      | Slain by a goblin

Levels and vault maps discovered:
D:1:      minmay_arrival_open_corners, layout_basic, basic_ecumenical_altar,
          minmay_misc_feat_roman
D:2:      layout_loops_ring, hangedman_decor_peaks_small, uniq_terence,
          uniq_robin

Skill      XL: |  1  2  3 |
---------------+----------+-----
Ranged Weapons | 6 7 |  7.4
Fighting       | |  1.5
Dodging        | |  2.4
Stealth        | |  1.2

Action                     || total
---------------------------++-------
   Fire: Shortbow          ||   104
    Use: Scroll            ||     3
 Armour: Leather armour    ||     7
         Ring mail         ||     9
  Dodge: Dodged            ||    35

Table legend:
 A = Non-vault XP
 B = Vault XP
 C = Vault XP percentage of total XP
 D = Non-vault monster count
 E = Vault monster count
 F = Vault count percentage of total count
                 A         B        C        D         E       F
            +---------+---------+-------+---------+---------+-------
      Total |      86 |      22 |  20.4 |      37 |       5 |  11.9
            +---------+---------+-------+---------+---------+-------
        D:1 |      43 |       0 |   0.0 |      25 |       0 |   0.0
        D:2 |      43 |      22 |  33.8 |      12 |       5 |  29.4
            +---------+---------+-------+---------+---------+-------
